AoeStats
← [GG] Shevchenko 7

Arena

510209845Analyzed
1v1 RM · 3d ago on Sep 30, 2026· 43m 58s· 2 players
Game mode
Random Map
Map size
Tiny (2 player)
Population
200
Speed
Normal
Resources
Standard
Victory
Conquest
Starting age
Dark Age
Ending age
Imperial Age
RankedLock teamsTeams togetherTeam positionsShared explorationLock speedFull tech treeHidden civsTurbo modeCheats
Victory
Defeat
🇺🇸 Burgundians · United States
1069
+15
🇧🇷 Mongols · Brazil
1039
-15
[GG] Shevchenko 7
9:43 Feudal Age
9:59 Loom
14:36 Castle Age
13:35 Double-Bit Axe
24:25 Gold Mining
28:21 Ballistics
29:16 Husbandry
33:49 Imperial Age
31:41 Bow Saw
31:14 Horse Collar
32:05 Scale Barding Armor
33:15 Chain Barding Armor
34:01 Fletching
34:12 Padded Archer Armor
35:32 Bodkin Arrow
35:53 Leather Archer Armor
36:08 Scale Mail Armor
37:02 Forging
37:45 Gold Shaft Mining
37:01 Stone Mining
37:17 Heavy Plow
38:23 Nomads
39:06 Wheelbarrow
38:05 Light Cavalry
38:57 Bloodlines
40:07 Bracer
41:20 Chemistry
41:18 Heavy Camel Rider
43:05 Iron Casting
phisherman5892
5:17 Double-Bit Axe
6:29 Horse Collar
7:58 Loom
10:42 Feudal Age
10:10 Gold Mining
15:04 Castle Age
13:46 Bow Saw
13:56 Heavy Plow
17:25 Fletching
18:25 Elite Skirmisher
19:30 Padded Archer Armor
23:02 Town Watch
24:45 Wheelbarrow
24:18 Bodkin Arrow
25:16 Scale Mail Armor
25:34 Leather Archer Armor
26:59 Chain Mail Armor
27:12 Hand Cart
32:27 Imperial Age
31:04 Scale Barding Armor
32:40 Chain Barding Armor
32:32 Forging
34:16 Gold Shaft Mining
33:31 Stone Mining
34:52 Two-Man Saw
34:29 Crop Rotation
33:43 Cavalier
34:23 Husbandry
36:49 Chemistry
36:10 Ballistics
35:32 Treadmill Crane
36:08 Burgundian Vineyards
36:26 Conscription
35:43 Paladin
37:08 Plate Barding Armor
38:37 Hoardings
41:44 Iron Casting
41:15 Bracer
41:50 Town Patrol
Connection lost

Rejoining the realm…

Still unreachable

The connection could not be restored.

Session expired

The server has moved on; the page needs a fresh start.